 Dungeon Crawl Stone Soup version 0.20.0-14-g326068f (webtiles) character file.

4559 ciphuk the Cleaver (level 10, -1/96 HPs)
             Began as a Deep Dwarf Fighter on June 8, 2017.
             Was an Elder of Makhleb.
             Slain by Sonja the meliai (shapeshifter) (6 damage)
             ... on level 10 of the Dungeon.
             The game lasted 00:18:42 (5673 turns).

ciphuk the Cleaver (Deep Dwarf Fighter)             Turns: 5673, Time: 00:18:42

Health: -1/96      AC: 14    Str: 21    XL:     10   Next: 18%
Magic:  10/10      EV:  7    Int:  8    God:    Makhleb [****..]
Gold:   217        SH: 14    Dex: 15    Spells: 9/9 levels left

rFire    . . .     SeeInvis .   w - +2 hand axe (chop)
rCold    . . .     Gourm    .   c - +0 shield
rNeg     . . .     Faith    .   H - +3 chain mail
rPois    .         Spirit   .   (helmet restricted)
rElec    .         Reflect  .   A - +0 cloak
rCorr    .         Harm     +   (no gloves)
MR       +....                  (no boots)
Stlth    ..........             E - amulet of harm
Regen    0.0/turn               i - ring of flight
MPRegen  0.2/turn               (no ring)

@: non-regenerating, slowed, very slow
A: damage resistance, heal wounds, antennae 1, large bone plates 1, camouflage
1, sense surroundings 2, no regeneration
a: Heal Wounds, Minor Destruction, Lesser Servant of Makhleb, Major Destruction,
Renounce Religion, Evoke Flight


You were on level 10 of the Dungeon.
You worshipped Makhleb.
Makhleb was greatly pleased with you.
You were not hungry.

You visited 2 branches of the dungeon, and saw 10 of its levels.

You collected 391 gold pieces.
You spent 174 gold pieces at shops.

Inventory:

Hand Weapons
 a - a +0 war axe
 w - a +2 hand axe of chopping (weapon)
 C - a +3 battleaxe
Missiles
 g - 193 stones (quivered)
 u - 14 tomahawks
Armour
 c - a +0 shield (worn)
 A - a +0 cloak (worn)
 H - a +3 chain mail (worn)
Jewellery
 i - a ring of flight (left hand)
 E - an amulet of harm (around neck)
Wands
 y - a wand of digging (13/24)
 G - a wand of polymorph (2/24)
Scrolls
 b - a scroll of noise {unknown}
 e - a scroll of recharging {unknown}
 l - a scroll of magic mapping {unknown}
 m - 4 scrolls of amnesia {unknown}
 n - 4 scrolls of blinking {unknown}
 p - 6 scrolls of identify
 q - 2 scrolls of fear {unknown}
 r - 4 scrolls of remove curse
 v - 2 scrolls of teleportation {unknown}
 D - a scroll of enchant weapon {unknown}
Potions
 d - a potion of might
 h - a potion of berserk rage {unknown}
 k - a potion of brilliance {unknown}
 t - a potion of curing
 B - a potion of haste
 F - a potion of agility
Books
 z - a book of Changes

   Spells                             Type                      Level
   a - Beastly Appendage              Transmutation                1
   b - Sticks to Snakes               Transmutation                2
   c - Spider Form                    Transmutation/Poison         3
   d - Ice Form                       Ice/Transmutation            4
   e - Blade Hands                    Transmutation                5
Comestibles
 f - 10 bread rations
 j - 4 meat rations
 o - 5 chunks of flesh
 s - a royal jelly
 x - 3 fruits


   Skills:
 - Level 7.8 Fighting
 - Level 12.3 Axes
 * Level 4.9 Armour
 + Level 2.8 Dodging
 * Level 4.7 Shields


You had 9 spell levels left.
You didn't know any spells.

Dungeon Overview and Level Annotations

Branches:
Dungeon (10/15)            Temple (1/1) D:5             Orc (0/2) D:9
   Lair: D:8-11

Altars:
Ashenzari
Cheibriados
Dithmenos
Fedhas
Gozag
Hepliaklqana
Makhleb
Nemelex Xobeh
Qazlal
Ru
Sif Muna
Trog
Uskayaw
Vehumet
Xom
Yredelemnul
The Shining One

Shops:
D:6 ([   D:7 !

Annotations:
D:2 Sigmund
D:8 Jareth's ghost, novice TrFi
D:10 exclusion: orange crystal statue, Sonja


Innate Abilities, Weirdness & Mutations

You are resistant to damage.
You can heal yourself by infusing magical energy.
You passively map the area around you.
You do not regenerate.
You have a pair of small antennae on your head.
You are partially covered in large bone plates. (SH +4)
Your skin changes colour to match your surroundings (Stealth+).


Message History

You block Sonja's attack. Sonja stings you but does no damage.
You block Sonja's attack. x2; Sonja hits you but does no damage.
Sonja stings you but does no damage.
As you read the scroll labeled FASUB GAUTIOLOT, it crumbles to dust.
It is a scroll of identify.
B - a potion of haste Sonja hits you.
* * * LOW HITPOINT WARNING * * *
Sonja stings you.
You are lethally poisoned!
Sonja poisons you! Sonja hits you but does no damage. You block Sonja's attack.
Sonja hits you!
* * * LOW HITPOINT WARNING * * *
Sonja completely misses you.
Unknown command.
You feel better.
You block Sonja's attack. x2; Sonja hits you.
Sonja stings you!
* * * LOW HITPOINT WARNING * * *
Sonja barely misses you. Sonja stings you!
You die...

*#.....>.# ##.## #......
#...###.# #...# **##...
#######.### #...# #... #####
#....(.# #...# #.## ....#
#.##.#.# #...# #.##
....####<##.#.#####...###### #...
.......)....#..............###..#
....##.#.....................#...
....##.#........@y.........#.#...
....##.#....#######...######...).
....##.#.#.## #(..# #..)[.
######.#.#.# #...# #.##.. #.....#
#.y.# #.##.. ###.### #...# #.##..
#.# ####.### #.##.. ### #.# *
#...)..# #.##.. ..######.# , ,
#.#..#.#* #.....


You could see Sonja the meliai shaped shifter.

Vanquished Creatures
  A two-headed ogre (D:9)
  A gargoyle (D:10)
  A hippogriff (D:8)
  A spriggan (D:8)
  2 hungry ghosts (D:9)
  A water moccasin (D:8)
  2 orc warriors
  2 phantoms (D:9)
  2 sky beasts (D:6)
  2 ogres
  2 centaurs
  A big kobold (D:7)
  3 bullfrogs
  A wyvern skeleton (D:10)
  2 scorpions
  5 killer bees
  2 troll zombies (D:9)
  5 wights
  A howler monkey (D:8)
  A bullfrog zombie (D:5)
  3 crimson imps
  A quasit (D:5)
  2 hounds (D:6)
  2 orc priests (D:8)
  3 bullfrog skeletons
  A gnoll shaman (D:6)
  2 jellies
  A centaur skeleton (D:10)
  3 orc wizards
  Crazy Yiuf (D:7)
  8 worker ants
  6 ogre zombies (D:9)
  3 gnolls (D:6)
  A howler monkey skeleton (D:5)
  3 adders
  2 river rats (D:5)
  3 shadow imps
  2 adder skeletons
  2 adder zombies
  4 worms
  2 dart slugs (D:1)
  3 leopard geckos (D:5)
  17 orcs
  3 bats
  4 giant cockroaches
  4 goblins (D:1)
  3 hobgoblins (D:1)
  3 jackals (D:1)
  2 quokkas
  A ball python (D:1)
  4 frilled lizards
  A goblin skeleton (D:9)
  2 hobgoblin zombies (D:9)
  A jackal zombie (D:5)
  4 kobolds
  7 orc skeletons (D:9)
  13 orc zombies (D:9)
  6 rats
  A fungus (D:7)
172 creatures vanquished.

Notes
Turn   | Place    | Note
-------+----------+-------------------------------------------
     0 | D:1      | ciphuk the Deep Dwarf Fighter began the quest for the Orb.
     0 | D:1      | Reached XP level 1. HP: 20/20 MP: 1/1
   267 | D:1      | Reached XP level 2. HP: 24/27 MP: 2/2
   420 | D:1      | Reached skill level 3 in Axes
   697 | D:1      | Reached XP level 3. HP: 28/34 MP: 3/3
   832 | D:2      | Noticed Sigmund
  1110 | D:3      | You fall through a shaft for 2 floors!
  1110 | D:5      | Entered Level 5 of the Dungeon
  1116 | D:5      | Found a staircase to the Ecumenical Temple.
  1123 | Temple   | Entered the Ecumenical Temple
  1213 | D:5      | Reached skill level 4 in Axes
  1213 | D:5      | Reached XP level 4. HP: 26/42 MP: 4/4
  1321 | Temple   | Became a worshipper of Makhleb the Destroyer
  1384 | D:5      | Reached XP level 5. HP: 28/50 MP: 5/5
  1500 | D:5      | Noticed a centaur
  1510 | D:5      | Killed a centaur
  1510 | D:5      | Reached skill level 5 in Axes
  1603 | D:5      | Reached XP level 6. HP: 29/57 MP: 6/6
  1867 | D:5      | Reached skill level 6 in Axes
  2290 | D:6      | Found Dedani's Antique Weapon Shop.
  2299 | D:6      | Bought a runed hand axe for 174 gold pieces
  2367 | D:6      | Found Zaabotal's Armour Shop.
  2390 | D:6      | Reached * piety under Makhleb
  2398 | D:6      | Reached skill level 7 in Axes
  2398 | D:6      | Reached XP level 7. HP: 20/66 MP: 7/7
  2570 | D:6      | Reached skill level 5 in Fighting
  2571 | D:6      | Found a basalt altar of Yredelemnul.
  2753 | D:6      | Reached skill level 8 in Axes
  3290 | D:6      | Reached XP level 8. HP: 16/75 MP: 8/8
  3312 | D:7      | Found Xato Leka's Distillery.
  3345 | D:7      | Gained mutation: You are partially covered in large bone plates. (SH +4) [potion of mutation]
  3345 | D:7      | Gained mutation: Your skin changes colour to match your surroundings (Stealth+). [potion of mutation]
  3345 | D:7      | Gained mutation: You have a pair of small antennae on your head. [potion of mutation]
  3367 | D:7      | Reached skill level 9 in Axes
  3574 | D:7      | Reached ** piety under Makhleb
  3660 | D:7      | You fall through a shaft for 2 floors!
  3682 | D:8      | Found a shadowy altar of Dithmenos.
  3696 | D:7      | Found a blossoming altar of Fedhas.
  3992 | D:7      | Found a runed door.
  3996 | D:7      | Noticed Crazy Yiuf
  4003 | D:7      | Killed Crazy Yiuf
  4030 | D:8      | Noticed a two-headed ogre
  4056 | D:8      | Found an opulent altar of Gozag.
  4056 | D:8      | Found a glowing golden altar of the Shining One.
  4118 | D:8      | Reached skill level 10 in Axes
  4187 | D:8      | Noticed a hippogriff
  4196 | D:8      | Gained mutation: You passively map the area around you. [Deep Dwarf growth]
  4196 | D:8      | Reached XP level 9. HP: 62/85 MP: 9/9
  4243 | D:8      | Found a stormy altar of Qazlal.
  4256 | D:8      | Reached skill level 11 in Axes
  4340 | D:8      | Noticed Jareth's ghost (novice TrFi)
  4552 | D:9      | Found a staircase to the Orcish Mines.
  4552 | D:9      | Noticed a two-headed ogre
  4604 | D:9      | Killed a two-headed ogre
  4604 | D:9      | Reached skill level 12 in Axes
  4673 | D:9      | Reached *** piety under Makhleb
  4792 | D:9      | Reached skill level 1 in Dodging
  5286 | D:10     | Entered Level 10 of the Dungeon
  5293 | D:10     | Noticed a gargoyle
  5338 | D:10     | Killed a gargoyle
  5338 | D:10     | Reached XP level 10. HP: 31/96 MP: 10/10
  5421 | D:10     | HP: 3/96 [orc warrior/glaive (16)]
  5430 | D:10     | HP: 1/96 [orc warrior/glaive (12)]
  5542 | D:10     | Noticed an orange crystal statue
  5602 | D:10     | Reached **** piety under Makhleb
  5637 | D:10     | Noticed Sonja
  5666 | D:10     | Noticed Sonja
  5666 | D:10     | Sonja changed into Sonja the shapeshifter
  5667 | D:10     | Noticed Sonja
  5667 | D:10     | Sonja the shapeshifter changed into Sonja the meliai
  5672 | D:10     | HP: 2/96 [Sonja the meliai (shapeshifter) (6)]
  5673 | D:10     | Slain by Sonja the meliai (shapeshifter)

Skill      XL: |  1  2  3  4  5  6  7  8  9 |
---------------+----------------------------+-----
Axes           | 3 4 5 7 8 10 12 | 12.3
Fighting       | 3 4 5 6 7 |  7.8
Dodging        | 2 |  2.8
Armour         | 4 |  4.9
Shields        | 4 |  4.7

Action                   |  1- 3 |  4- 6 |  7- 9 | 10-12 || total
-------------------------+-------+-------+-------+-------++-------
Melee: War axe           |   127 |   142 |       |       ||   269
       Hand axe          |       |    17 |   537 |    65 ||   619
Throw: Stone             |     9 |    14 |       |       ||    23
       Tomahawk          |       |    10 |       |       ||    10
       Throwing net      |       |       |     3 |       ||     3
 Abil: Heal Wounds       |       |     2 |     6 |     2 ||    10
Evoke: Wand              |       |       |       |     2 ||     2
  Use: Potion            |       |     1 |     5 |     1 ||     7
       Scroll            |       |       |       |     2 ||     2
 Stab: Held in net/web   |       |       |     1 |       ||     1
  Eat: Chunk             |     1 |     4 |    10 |     3 ||    18
       Royal jelly       |       |       |     3 |       ||     3
Armor: Scale mail        |    13 |       |       |       ||    13
       Chain mail        |    82 |    60 |   159 |    11 ||   312
       Skin              |       |       |     5 |       ||     5
Dodge: Dodged            |    48 |    31 |    50 |    12 ||   141
Block: Shield            |    59 |    84 |   245 |    37 ||   425
